 Dungeon Crawl Stone Soup version 0.27.1 (webtiles) character file.

Game seed: 9243965495954393905

54 Mesmaeker13 the Stinger (level 3, -3/28 HPs)
             Began as a Naga Venom Mage on Aug 21, 2021.
             Slain by Sigmund (13 damage)
             ... on level 2 of the Dungeon.
             The game lasted 00:02:14 (2395 turns).

Mesmaeker13 the Stinger (Naga Venom Mage)           Turns: 2395, Time: 00:02:14

Health: -3/28      AC:  2    Str: 10    XL:     3   Next: 91%
Magic:  5/6        EV: 10    Int: 16    God:
Gold:   53         SH:  0    Dex: 11    Spells: 3/6 levels left

rFire    . . .     SeeInvis +   b - +0 short sword
rCold    . . .     Faith    .   (no shield)
rNeg     . . .     Spirit   .   a - +0 robe
rPois    +         Reflect  .   (no helmet)
rElec    .         Harm     .   (no cloak)
rCorr    .         Rampage  .   (no gloves)
Will     .....                  (no barding)
Stlth    ++........             (no amulet)
HPRegen  0.09/turn              (no ring)
MPRegen  0.10/turn              (no ring)

@: very slow
A: AC +1, large, see invisible, deformed body, poison resistance, slowness 2,
spit poison 1, naga tail 1
a: Spit Poison


You were on level 2 of the Dungeon.
You visited 1 branch of the dungeon, and saw 2 of its levels.

You collected 53 gold pieces.

Inventory:

Hand Weapons
 b - a +0 short sword (weapon)
Armour
 a - a +0 robe (worn)
Potions
 c - a potion of brilliance {unknown}


   Skills:
 + Level 2.2 Dodging
 - Level 3.0 Stealth
 - Level 2.3 Spellcasting
 + Level 1.9 Transmutations
 + Level 0.8 Air Magic
 + Level 4.6 Poison Magic


You had 3 spell levels left.
You knew the following spells:

 Your Spells              Type           Power      Damage    Failure   Level
a - Sting                 Tmut/Pois      48%        1d5       5%          1
b - Poisonous Vapours     Pois/Air       20%        N/A       10%         2

Your spell library contained the following spells:

 Spells                   Type           Power      Damage    Failure   Level
 Mephitic Cloud           Conj/Pois/Air  7%         N/A       28%         3
 Olgreb's Toxic Radiance  Pois           16%        N/A       30%         4


Dungeon Overview and Level Annotations

Branches:
Dungeon (2/15)

Altars:

Annotations:
D:2 Sigmund


Innate Abilities, Weirdness & Mutations

Your serpentine skin is tough. (AC +1)
You have supernaturally acute eyesight. (SInv)
Armour fits poorly on your strangely shaped body.
Your system is resistant to poisons. (rPois)
You cover ground very slowly.
You can spit poison.
You have a snake-like lower body.


Message History

You kill the ball python!
Casting: Sting (safe; 5% risk of failure)
Confirm with . or Enter, or press ? or * to list all spells.
Aiming: Sting (safe; 5% risk of failure)
Press: ? - help, Shift-Dir - straight line, f - goblin
Aim: a goblin, wielding a +0 dagger (64% to hit)
The sting hits the goblin.
The goblin is poisoned.
You kill the goblin!
A hobgoblin comes into view.
A hobgoblin is nearby!
The hobgoblin shouts!
You hear a shout!
You see here a ball python corpse.
Casting: Sting (safe; 5% risk of failure)
Confirm with . or Enter, or press ? or * to list all spells.
Aiming: Sting (safe; 5% risk of failure)
Press: ? - help, Shift-Dir - straight line, f - hobgoblin
Aim: a hobgoblin (71% to hit)
The sting hits the hobgoblin but does no damage.
The hobgoblin is poisoned.
Casting: Sting (safe; 5% risk of failure)
Confirm with . or Enter, or press ? or * to list all spells.
Aiming: Sting (safe; 5% risk of failure)
Press: ? - help, Shift-Dir - straight line, f/p - hobgoblin
Aim: a hobgoblin (poisoned, 71% to hit)
The sting hits the hobgoblin.
The hobgoblin looks even sicker.
The hobgoblin is severely wounded.
You kill the hobgoblin!
Sigmund the Dreaded comes into view.
He is wielding a +0 scythe.
Sigmund is nearby!
Sigmund points at you and mumbles some strange words.
You are confused.
You bump into the rock wall.
You bump into the rock wall.
You bump into the rock wall.
You feel less confused.
Sigmund hits you from afar with a +0 scythe!
Sigmund says, "Your kind have come here before.
I understand now why.
You desire death..."
Sigmund hits you from afar with a +0 scythe!
Sigmund hits you from afar with a +0 scythe!
You die...

##### ### #.#.###########.#
## #.#.............# #.
..#.###########.# #.
#.#.####### #.# #.
#.#.##....# #.# #.
#.#.##.##.# #.#
...###.##.#.##.##)#####.###.#
......††.....@.@.....<....#.#
......)##.#.##.##.#.####..#.#
...#### #.#....##.#.####..#.#
. #.#######......#..#.####
#.. ###.##.#..#..... ...
.........>.#..... ....
####............. ####
..........#...##
###.#.##..#.#.#


You could see Sigmund.

Vanquished Creatures
  An adder (D:2)
  A worm (D:2)
  3 bats
  5 endoplasms
  A giant cockroach (D:2)
  5 goblins
  2 hobgoblins (D:2)
  3 jackals
  2 quokkas (D:1)
  4 ball pythons
  2 frilled lizards (D:1)
  4 kobolds
  7 rats
40 creatures vanquished.

Notes
Turn   | Place    | Note
-------+----------+-------------------------------------------
     0 | D:1      | Mesmaeker13 the Naga Venom Mage began the quest for the
                  | Orb.
     0 | D:1      | Reached XP level 1. HP: 15/15 MP: 3/3
   528 | D:1      | Reached XP level 2. HP: 22/22 MP: 3/5
  1630 | D:2      | Reached XP level 3. HP: 28/28 MP: 4/6
  1633 | D:2      | Learned a level 2 spell: Poisonous Vapours
  2382 | D:2      | Noticed Sigmund
  2395 | D:2      | Slain by Sigmund

Illustrated notes

Levels and vault maps discovered:
D:1:      lightli_arrival_isolated_outpost, layout_basic,
          chequers_serial_rivers_large_a, chequers_mini_garden,
          minmay_statues_item, minivault_11
D:2:      layout_basic, shapermc_ecumenical_altar_pompeii, serial_shops, shop,
          chequers_serial_rivers_micro_d, chequers_serial_rivers_room_a,
          uniq_sigmund

Skill      XL: |  1  2  3 |
---------------+----------+-----
Dodging        | 2 |  2.2
Stealth        | |  3.0
Spellcasting   | |  2.3
Transmutations | |  1.9
Air Magic      | |  0.8
Poison Magic   | |  4.6

Action                   || total
-------------------------++-------
Melee: Unarmed           ||     4
       Short sword       ||    13
 Cast: Sting             ||    70
       Poisonous Vapours ||     1
 Abil: Spit Poison       ||     1
Armor: Robe              ||     9
Dodge: Dodged            ||    25
